Map: Pillars of Gold LE

Players

INnoVation

  • Race: Terran Terran
  • League: Grandmaster
  • Spawn Location: 1:00

Bunny - Winner!

  • Race: Terran Terran
  • Spawn Location: 7:00

VOD

Have the link to the VOD?

Description

Time

  • Played on: Jan. 14, 2021, 10:12 a.m.
  • Length: 10:12
Show
View Real Time Build Order
Export as new Build Order

INnoVation Terran 

Build Orders: Mech 

Get SALT Encoding   

  12  0:00  SCV  
  13  0:13  Supply Depot  
  13  0:18  SCV  
  14  0:35  Barracks  
  14  0:40  Refinery  
  14  0:55  Barracks  
  14  1:00  SCV  
  15  1:12  SCV  
  16  1:24  Reaper  
  17  1:25  Orbital Command  
  17  1:50  Supply Depot  
  17  1:51  SCV  
  18  1:56  Reaper  
  19  2:03  SCV  
  20  2:15  SCV  
  21  2:19  Factory  
  21  2:27  SCV  
  22  2:30  Command Center  
  22  2:36  Refinery  
  22  2:39  SCV  
  23  2:51  SCV  
  24  3:03  Hellion  
  24  3:04  SCV  
  28  3:06  Supply Depot  
  28  3:10  Starport  
  27  3:16  SCV  
  28  3:24  Factory Tech Lab  
  28  3:28  SCV  
  29  3:40  SCV  
  30  3:42  Orbital Command  
  30  3:44  Cyclone  
  30  3:45  Refinery  
  30  3:47  Starport Tech Lab  
  33  3:52  SCV  
  34  4:04  SCV  
  34  4:05  Raven  
  34  4:08  SCV  
  38  4:16  SCV  
  39  4:19  Cyclone  
  39  4:20  SCV  
  43  4:25  Supply Depot  
  43  4:28  SCV  
  44  4:32  SCV  
  44  4:38  Command Center  
  45  4:40  SCV  
  45  4:44  SCV  
  45  4:45  Refinery  
  47  4:48  Raven  
  50  4:52  SCV  
  50  4:56  SCV  
  50  4:58  Siege Tank  
  54  5:01  Supply Depot  
  54  5:05  Barracks Reactor, SCV  
  55  5:08  SCV  
  56  5:17  SCV  
  56  5:21  Factory, SCV  
  58  5:24  Supply Depot  
  58  5:29  SCV  
  58  5:30  Siege Tank  
  58  5:33  SCV  
  63  5:41  SCV  
  64  5:45  SCV  
  64  5:48  Barracks Reactor  
  65  5:50  Factory, Orbital Command  
  65  5:52  Engineering Bay, Viking  
  65  5:53  SCV  
  65  5:55  Viking  
  70  5:57  SCV  
  71  6:04  Factory Tech Lab  
  71  6:05  SCV  
  71  6:09  Siege Tank  
  74  6:12  Orbital Command  
  74  6:13  SCV  
  74  6:17  SCV  
  76  6:26  Viking x2  
  76  6:29  SCV x2  
  82  6:34  Supply Depot x2  
  82  6:37  Siege Tank  
  82  6:39  SCV  
  85  6:41  SCV x2  
  87  6:51  SCV  
  87  6:53  SCV x2, Refinery  
  87  6:57  Viking x2  
  87  6:59  Refinery  
  91  7:05  SCV x2  
  91  7:06  Siege Tank  
  91  7:07  Hellion x2  
  100  7:18  Supply Depot x2, Orbital Command  
  95  7:33  Siege Tank  
  95  7:35  SCV  
  95  7:36  SCV  
  99  7:37  Viking  
  99  7:38  Siege Tank, Viking  
  106  7:45  SCV  
  106  7:48  SCV x2  
  109  7:58  Refinery, SCV  
  110  8:00  SCV x2  
  110  8:02  Hellion x2  
  116  8:05  Siege Tank  
  116  8:10  Viking x2  
  121  8:14  SCV x3  
  123  8:21  Supply Depot  
  123  8:22  Supply Depot  
  123  8:26  Hellion  
  125  8:30  Refinery  
  125  8:34  Armory  
  125  8:35  Armory  
  125  8:43  Supply Depot, Hellion, Siege Tank, SCV, Viking x2  
  125  8:45  Infernal Pre-Igniter  
  135  8:49  Hellion  
  135  8:53  Supply Depot  
  135  8:54  SCV x2  
  135  8:55  SCV  
  140  9:05  Siege Tank  
  143  9:11  Hellion  
  143  9:12  Hellion, SCV x2  
  143  9:15  Siege Tank, SCV  
  153  9:24  SCV x2  
  140  9:33  Hellion x2  
  140  9:37  Siege Tank  
  132  9:41  Viking x2  
Show
View Real Time Build Order
Export as new Build Order

Bunny Terran - Winner!

Build Orders:  

Get SALT Encoding   

  12  0:00  SCV  
  13  0:12  SCV  
  14  0:17  Supply Depot  
  14  0:24  SCV  
  15  0:39  SCV  
  15  0:41  Barracks  
  16  0:45  Refinery  
  16  0:51  SCV  
  16  0:55  Refinery  
  17  1:03  SCV  
  18  1:15  SCV  
  19  1:29  Orbital Command, Reaper  
  20  1:40  Supply Depot  
  20  1:50  Factory  
  20  1:55  SCV  
  21  2:01  Reaper  
  21  2:07  SCV  
  23  2:19  SCV  
  24  2:30  Command Center  
  24  2:33  Hellion  
  26  2:40  SCV  
  26  2:43  Barracks Reactor  
  27  2:46  Supply Depot  
  27  2:52  SCV  
  27  2:54  Factory Tech Lab  
  28  3:00  Starport  
  28  3:04  SCV  
  29  3:13  Cyclone  
  32  3:21  Marine x2  
  32  3:24  SCV  
  35  3:36  SCV  
  35  3:38  Starport Tech Lab, Marine  
  35  3:39  Marine  
  38  3:42  Orbital Command  
  38  3:45  Refinery  
  38  3:48  SCV  
  39  3:56  Raven  
  39  3:59  Marine  
  39  4:00  SCV, Marine  
  44  4:08  SCV  
  45  4:12  SCV  
  45  4:13  Siege Tank  
  45  4:14  Supply Depot  
  49  4:21  SCV  
  50  4:24  SCV, Marine x2  
  53  4:33  Supply Depot, SCV  
  53  4:36  SCV  
  55  4:39  Raven  
  55  4:45  SCV  
  58  4:49  SCV  
  58  4:52  Command Center  
  59  4:55  Refinery  
  59  4:58  Siege Tank  
  62  5:00  SCV  
  62  5:02  SCV  
  62  5:04  Marine  
  62  5:05  Marine  
  65  5:09  Supply Depot  
  65  5:13  SCV  
  67  5:14  SCV  
  67  5:18  Supply Depot  
  67  5:25  SCV  
  67  5:26  SCV  
  66  5:31  Siege Tank  
  66  5:34  Viking x2  
  73  5:37  Stimpack  
  73  5:39  Marine  
  73  5:40  SCV  
  75  5:43  SCV  
  75  5:47  Supply Depot  
  76  5:53  SCV  
  76  5:55  SCV  
  76  5:56  Marine  
  78  6:03  Siege Tank  
  82  6:04  Viking x2  
  85  6:14  SCV x2, Marine  
  85  6:15  Orbital Command  
  88  6:29  Barracks  
  88  6:30  Barracks  
  88  6:31  SCV  
  88  6:32  SCV, Marine  
  91  6:36  Siege Tank  
  91  6:37  Viking  
  91  6:39  Viking  
  98  6:48  Orbital Command  
  98  6:50  Marine  
  98  6:53  SCV x2  
  101  6:54  Engineering Bay  
  101  7:05  Supply Depot, SCV x2  
  101  7:06  Supply Depot  
  101  7:08  Marine  
  104  7:09  Viking x2  
  108  7:25  Siege Tank  
  95  7:30  SCV x2  
  95  7:31  SCV  
  95  7:32  Barracks Reactor x2  
  95  7:33  Marine  
  95  7:35  Terran Infantry Weapons Level 1  
  96  7:37  Combat Shield, Engineering Bay  
  96  7:43  Barracks, SCV x3  
  99  7:44  Barracks  
  99  7:46  Viking  
  101  7:52  Marine  
  102  7:59  SCV x3  
  105  8:07  Siege Tank  
  105  8:10  Marine  
  105  8:11  Marine x4  
  108  8:14  Terran Infantry Armor Level 1  
  108  8:16  Sensor Tower, SCV x3  
  111  8:20  Refinery x2  
  111  8:21  Medivac x2  
  113  8:28  Marine x2  
  113  8:29  SCV x3, Marine x3  
  121  8:34  Barracks Tech Lab x2  
  121  8:37  Armory  
  121  8:42  Siege Tank  
  124  8:49  Command Center  
  124  8:52  Supply Depot  
  124  8:54  Marauder  
  126  8:57  Marauder  
  126  8:58  Marauder  
  130  9:08  Marine  
  130  9:09  Marine x3  
  131  9:10  Viking  
  131  9:14  Viking  
  131  9:15  Marauder, Siege Tank  
  132  9:25  Marauder x2  
  132  9:27  Marine x3  
  132  9:28  Marine  
  137  9:37  Marauder  
  139  9:39  Missile Turret  
  139  9:41  Missile Turret  
  139  9:45  Marine x2  
  141  9:52  Marine  
  141  9:53  Marine  
Tags
 
Add a new tag
Caveats
  • Supply blocks, unpowered buildings, or Contaminate may cause inaccurate times.
  • Supply counts are checked every 10 seconds.